 Dungeon Crawl Stone Soup version 0.23.2-40-g277498a001 (webtiles) character file.

Game seed: 13197042787445636152

6475 Emblim88 the Thaumaturge (level 11, -5/85 HPs)
             Began as a Gnoll Warper on Aug 24, 2019.
             Was an Initiate of Wu Jian.
             Slain by an orc warrior
             ... wielding a +0 dire flail
              (14 damage)
             ... on level 8 of the Dungeon.
             The game lasted 00:20:01 (8365 turns).

Emblim88 the Thaumaturge (Gnoll Warper)             Turns: 8365, Time: 00:20:12

Health: -5/85      AC:  9    Str: 16    XL:     11   Next: 0%
Magic:  23/23      EV: 19    Int: 11    God:    Wu Jian [......]
Gold:   227        SH:  0    Dex: 18    Spells: 15/26 levels left

rFire    . . .     SeeInvis .   F - +0 trident of Distraction {pierce, rN+ Str+2}
rCold    + . .     Gourm    .   (no shield)
rNeg     + . .     Faith    .   K - +2 leather armour {rC+}
rPois    .         Spirit   .   (no helmet)
rElec    .         Reflect  .   u - +1 cloak
rCorr    .         Harm     .   m - +0 pair of gloves
MR       .....                  (no boots)
Stlth    +++.......             (no amulet)
HPRegen  0.24/turn              y - +2 ring of evasion
MPRegen  0.18/turn              z - -4 ring of intelligence (curse)

@: slowed, very slow
A: distributed training, fangs 1, strong nose
a: Renounce Religion


You were on level 8 of the Dungeon.
You worshipped Wu Jian.
Wu Jian was noncommittal.
You were very hungry.

You visited 1 branch of the dungeon, and saw 8 of its levels.

You collected 392 gold pieces.
You spent 165 gold pieces at shops.

Inventory:

Hand Weapons
 a - a +0 falchion
 o - a +2 short sword of venom
 t - a +4 quarterstaff of chaos
 F - the +0 trident of Distraction (weapon) {pierce, rN+ Str+2}
   (You found it on level 6 of the Dungeon)

   It inflicts extra damage upon your enemies.
   It affects your strength (+2).
   It protects you from negative energy.
 J - a +0 hunting sling of velocity
Missiles
 e - 5 tomahawks of dispersal (quivered)
 r - 94 sling bullets
 G - 7 curare-tipped needles
Armour
 g - a +0 chain mail
 k - a +0 plate armour
 m - a +0 pair of gloves (worn)
 u - a +1 cloak (worn)
 K - a +2 leather armour of cold resistance (worn)
Jewellery
 c - a +3 ring of strength
 l - an uncursed ring of wizardry
 s - an uncursed ring of flight
 y - a +2 ring of evasion (left hand)
 z - a cursed -4 ring of intelligence (right hand)
 B - an uncursed ring of protection from fire
Wands
 v - a wand of polymorph (14)
 D - a wand of iceblast (13)
 N - a wand of random effects (5)
 O - a wand of paralysis (11)
Scrolls
 i - 4 scrolls of fog
 j - 3 scrolls of enchant armour
 n - a scroll of amnesia
 p - a scroll of enchant weapon
 q - a scroll of magic mapping
 A - a scroll of vulnerability {unknown}
 E - a scroll of blinking
 M - a scroll of identify
Potions
 b - a potion of brilliance {unknown}
 d - 2 potions of lignification
 h - a potion of ambrosia
 w - a potion of curing
 x - a potion of flight
 C - a potion of invisibility {unknown}
 H - a potion of magic {unknown}
 I - a potion of agility {unknown}
 L - a potion of degeneration {unknown}
Comestibles
 f - 15 rations


   Skills:
 + Level 7.7 Fighting
 + Level 6.1 Short Blades
 + Level 7.7 Long Blades
 + Level 6.1 Axes
 + Level 6.1 Maces & Flails
 + Level 6.1 Polearms
 + Level 6.1 Staves
 + Level 6.1 Slings
 + Level 6.1 Bows
 + Level 6.1 Crossbows
 + Level 6.7 Throwing
 + Level 6.7 Armour
 + Level 7.7 Dodging
 + Level 6.1 Stealth
 + Level 6.1 Shields
 + Level 6.1 Unarmed Combat
 + Level 8.0 Spellcasting
 + Level 5.0 Conjurations
 + Level 5.0 Hexes
 + Level 5.0 Charms
 + Level 5.0 Summonings
 + Level 5.0 Necromancy
 + Level 7.5 Translocations
 + Level 5.0 Transmutations
 + Level 5.0 Fire Magic
 + Level 5.0 Ice Magic
 + Level 5.0 Air Magic
 + Level 5.0 Earth Magic
 + Level 5.0 Poison Magic
 + Level 6.7 Invocations
 + Level 6.1 Evocations


You had 15 spell levels left.
You knew the following spells:

 Your Spells              Type           Power        Failure   Level  Hunger
a - Blink                 Tloc           N/A          1%          2    #......
b - Shroud of Golubria    Chrm/Tloc      ###.......   1%          2    #......
c - Passage of Golubria   Tloc           N/A          9%          4    ####...
d - Teleport Other        Tloc           ###.....     2%          3    ###....

Your spell library contained the following spells:

 Spells                   Type           Power        Failure   Level  Hunger
 Freeze                   Ice            ###.         2%          1    None
 Gell's Gravitas          Tloc           ###.......   2%          3    ###....
 Lesser Beckoning         Tloc           ###.......   2%          3    ###....
 Throw Frost              Conj/Ice       ###...       3%          2    #......
 Ozocubu's Armour         Chrm/Ice       ###.....     7%          3    ###....
 Summon Ice Beast         Ice/Summ       ###.....     22%         4    ####...
 Throw Icicle             Conj/Ice       ###.....     22%         4    ####...


Dungeon Overview and Level Annotations

Branches:
Dungeon (8/15)             Temple (0/1) D:7
   Lair: D:8-11

Altars:
Cheibriados
Dithmenos
Fedhas
Nemelex Xobeh
Uskayaw
Vehumet
Wu Jian
Xom
Yredelemnul
Zin
The Shining One

Shops:
D:4 }   D:6 !

Annotations:
D:5 2 transporters, stultus's ghost, novice DsGl


Innate Abilities, Weirdness & Mutations

Your experience applies equally to all skills.
You have very sharp teeth.
Your uncanny sense of smell can sniff out nearby items.


Message History

You hit the orc warrior.
The orc warrior is severely wounded.
The orc closely misses you.
The orc wizard points at you and mumbles some strange words.
You feel yourself slow down. The orc warrior misses you.
You hit the orc warrior.
The orc warrior is almost dead.
The orc misses you.
The orc wizard hits you but does no damage.
The orc warrior closely misses you. The orc completely misses you.
The orc wizard mumbles some strange words.
The orc wizard seems to speed up.
You hit the orc warrior but do no damage.
The orc warrior is almost dead.
The orc warrior hits you with a +0 dire flail!!
* * * LOW HITPOINT WARNING * * *
The orc wizard misses you. The orc closely misses you.
The orc wizard hits you but does no damage.
The orc warrior hits you with a +0 dire flail!
You die...

####### ###########
#.....# #.......o.#
#.....# #.......oo#
#.....# #........o#
#.....#
#..o......#### #####
###.....#
###o#######..###....
........#
#.o@o.#........#....
........#
#.....'........'...<
........#
#..#####....##.#....
.......##
###....#....##.####.
#'#....#
#....#....'.....+.
..#....#
#....#....#.....#.
.......#
#....#....#.....#.
.......#
###....#+##########.
.#######
##.###...............


You could see an orc warrior, an orc wizard and 2 orcs.

Vanquished Creatures
  Pikel (D:7)
  Joseph (D:7)
  Prince Ribbit (D:7)
  A hornet (D:5)
  2 slaves (D:7)
  2 ice beasts
  An orc warrior (D:6)
  4 ogres
  2 sky beasts (D:8)
  2 centaurs
  6 bullfrogs
  3 scorpions
  6 killer bees (D:8)
  A howler monkey (D:8)
  A centaur zombie (D:7)
  2 crimson imps (D:8)
  2 quasits
  Crazy Yiuf (D:2)
  3 bullfrog zombies (D:7)
  A centaur skeleton (D:8)
  7 hounds
  3 orc priests
  An orc wizard (D:6)
  3 iguanas
  Natasha (thrice) (D:3)
  2 worker ants
  A killer bee zombie (D:5)
  2 hound skeletons
  A howler monkey zombie (D:8)
  A howler monkey skeleton (D:8)
  3 gnolls (D:7)
  A river rat (D:3)
  9 adders
  2 shadow imps
  An ooze (D:3)
  4 worms
  2 dart slugs
  4 leopard geckos
  18 orcs
  4 giant cockroaches
  2 gnoll zombies (D:4)
  9 goblins
  9 hobgoblins
  7 jackals
  6 kobolds
  5 quokkas
  4 ball pythons
  11 bats
  3 frilled lizards
  A quokka skeleton (D:5)
  A quokka zombie (D:5)
  12 rats
185 creatures vanquished.

Notes
Turn   | Place    | Note
-------+----------+-------------------------------------------
     0 | D:1      | Emblim88 the Gnoll Warper began the quest for the Orb.
     0 | D:1      | Reached XP level 1. HP: 20/20 MP: 6/6
   128 | D:1      | Reached XP level 2. HP: 26/26 MP: 7/7
   618 | D:1      | Reached XP level 3. HP: 31/31 MP: 9/9
   733 | D:2      | Reached skill level 5 in Spellcasting
   808 | D:2      | Reached skill level 1 in Short Blades
   808 | D:2      | Reached skill level 1 in Axes
   808 | D:2      | Reached skill level 1 in Maces & Flails
   808 | D:2      | Reached skill level 1 in Polearms
   808 | D:2      | Reached skill level 1 in Staves
   808 | D:2      | Reached skill level 1 in Slings
   808 | D:2      | Reached skill level 1 in Bows
   808 | D:2      | Reached skill level 1 in Crossbows
   808 | D:2      | Reached skill level 1 in Stealth
   808 | D:2      | Reached skill level 1 in Shields
   808 | D:2      | Reached skill level 1 in Unarmed Combat
   808 | D:2      | Reached skill level 1 in Invocations
   808 | D:2      | Reached skill level 1 in Evocations
   808 | D:2      | Reached XP level 4. HP: 28/38 MP: 11/11
   987 | D:2      | Reached skill level 1 in Conjurations
   987 | D:2      | Reached skill level 1 in Hexes
   987 | D:2      | Reached skill level 1 in Charms
   987 | D:2      | Reached skill level 1 in Summonings
   987 | D:2      | Reached skill level 1 in Necromancy
   987 | D:2      | Reached skill level 1 in Transmutations
   987 | D:2      | Reached skill level 1 in Fire Magic
   987 | D:2      | Reached skill level 1 in Ice Magic
   987 | D:2      | Reached skill level 1 in Air Magic
   987 | D:2      | Reached skill level 1 in Earth Magic
   987 | D:2      | Reached skill level 1 in Poison Magic
   992 | D:2      | Learned a level 2 spell: Blink
   995 | D:2      | Learned a level 2 spell: Shroud of Golubria
  1000 | D:2      | Learned a level 4 spell: Passage of Golubria
  1004 | D:2      | Learned a level 3 spell: Teleport Other
  1025 | D:2      | Found a runed translucent door.
  1026 | D:2      | Noticed Crazy Yiuf
  1069 | D:2      | Reached XP level 5. HP: 43/43 MP: 12/12
  1269 | D:2      | Found a glowing golden altar of the Shining One.
  1730 | D:2      | Killed Crazy Yiuf
  2236 | D:3      | Noticed a centaur
  2248 | D:3      | Killed a centaur
  2248 | D:3      | Reached XP level 6. HP: 38/50 MP: 14/14
  2302 | D:3      | Reached skill level 5 in Fighting
  2302 | D:3      | Reached skill level 5 in Long Blades
  2302 | D:3      | Reached skill level 5 in Dodging
  2327 | D:3      | Noticed Natasha
  2332 | D:3      | Killed Natasha
  2368 | D:3      | Found a glowing drain.
  2382 | D:3      | Noticed Natasha
  2389 | D:3      | Killed Natasha
  2623 | D:3      | Noticed Natasha
  2634 | D:3      | Killed Natasha
  2634 | D:3      | Reached XP level 7. HP: 53/56 MP: 15/15
  3497 | D:4      | Found Goralim's Gadget Shop.
  3697 | D:4      | Found a basalt altar of Yredelemnul.
  3776 | D:4      | Found a sparkling altar of Nemelex Xobeh.
  4110 | D:5      | Entered Level 5 of the Dungeon
  4166 | D:5      | Found a transporter.
  4166 | D:5      | Found a transporter.
  4179 | D:5      | Noticed a hornet
  4212 | D:5      | Noticed a hornet
  4219 | D:5      | Killed a hornet
  4219 | D:5      | Reached XP level 8. HP: 63/63 MP: 13/16
  4684 | D:5      | Noticed stultus's ghost (novice DsGl)
  5018 | D:6      | Found Boxugyic's Distillery.
  5024 | D:6      | Bought a potion of haste for 110 gold pieces
  5024 | D:6      | Bought a potion of heal wounds for 55 gold pieces
  5130 | D:6      | Reached skill level 6 in Spellcasting
  5335 | D:6      | Got a steaming trident
  5336 | D:6      | Identified the +0 trident of Distraction {pierce, rN+
                  | Str+2} (You found it on level 6 of the Dungeon)
  5345 | D:6      | Found a snail-covered altar of Cheibriados.
  5345 | D:6      | Found a faded altar of an unknown god.
  5350 | D:6      | Found a shadowy altar of Dithmenos.
  5352 | D:6      | Found a blossoming altar of Fedhas.
  5354 | D:6      | Found a radiant altar of Vehumet.
  5444 | D:6      | Found a basalt altar of Yredelemnul.
  5809 | D:6      | Found an ornate altar of the Wu Jian Council.
  5813 | D:6      | Became a worshipper of the Wu Jian Council
  6257 | D:7      | Found a shimmering altar of Xom.
  6304 | D:7      | Reached XP level 9. HP: 65/69 MP: 16/18
  6365 | D:7      | Found a hide-covered altar of Uskayaw.
  6368 | D:7      | Noticed a +0 dagger
  6368 | D:7      | Noticed a +0 hand axe
  6489 | D:7      | Noticed Prince Ribbit
  6504 | D:7      | Killed Prince Ribbit
  6565 | D:7      | Noticed Joseph
  6592 | D:7      | Killed Joseph
  6592 | D:7      | Reached skill level 5 in Throwing
  6592 | D:7      | Reached skill level 5 in Armour
  6728 | D:7      | Reached skill level 5 in Short Blades
  6728 | D:7      | Reached skill level 5 in Axes
  6728 | D:7      | Reached skill level 5 in Maces & Flails
  6728 | D:7      | Reached skill level 5 in Polearms
  6728 | D:7      | Reached skill level 5 in Staves
  6728 | D:7      | Reached skill level 5 in Slings
  6728 | D:7      | Reached skill level 5 in Bows
  6728 | D:7      | Reached skill level 5 in Crossbows
  6728 | D:7      | Reached skill level 5 in Stealth
  6728 | D:7      | Reached skill level 5 in Shields
  6728 | D:7      | Reached skill level 5 in Unarmed Combat
  6728 | D:7      | Reached skill level 7 in Spellcasting
  6728 | D:7      | Reached skill level 5 in Evocations
  6728 | D:7      | Reached XP level 10. HP: 79/79 MP: 18/21
  6784 | D:7      | Found a staircase to the Ecumenical Temple.
  6824 | D:7      | Noticed Pikel
  6857 | D:7      | Killed Pikel
  7357 | D:8      | Reached skill level 5 in Conjurations
  7357 | D:8      | Reached skill level 5 in Hexes
  7357 | D:8      | Reached skill level 5 in Charms
  7357 | D:8      | Reached skill level 5 in Summonings
  7357 | D:8      | Reached skill level 5 in Necromancy
  7357 | D:8      | Reached skill level 5 in Transmutations
  7357 | D:8      | Reached skill level 5 in Fire Magic
  7357 | D:8      | Reached skill level 5 in Ice Magic
  7357 | D:8      | Reached skill level 5 in Air Magic
  7357 | D:8      | Reached skill level 5 in Earth Magic
  7357 | D:8      | Reached skill level 5 in Poison Magic
  7790 | D:8      | Reached skill level 8 in Spellcasting
  7921 | D:8      | Reached * piety under Wu Jian
  8311 | D:8      | Found a glowing silver altar of Zin.
  8355 | D:8      | Reached XP level 11. HP: 71/85 MP: 23/23
  8365 | D:8      | Slain by an orc warrior

Skill      XL: |  1  2  3  4  5  6  7  8  9 10 |
---------------+-------------------------------+-----
Spellcasting   | 5 6 7 8 |  8.0
Short Blades   | 1 2 3 5 6 |  6.1
Axes           | 1 2 3 5 6 |  6.1
Maces & Flails | 1 2 3 5 6 |  6.1
Polearms       | 1 2 3 5 6 |  6.1
Staves         | 1 2 3 5 6 |  6.1
Slings         | 1 2 3 5 6 |  6.1
Bows           | 1 2 3 5 6 |  6.1
Crossbows      | 1 2 3 5 6 |  6.1
Stealth        | 1 2 3 5 6 |  6.1
Shields        | 1 2 3 5 6 |  6.1
Unarmed Combat | 1 2 3 5 6 |  6.1
Invocations    | 1 2 3 4 6 |  6.7
Evocations     | 1 2 3 5 6 |  6.1
Conjurations   | 1 2 3 4 5 |  5.0
Hexes          | 1 2 3 4 5 |  5.0
Charms         | 1 2 3 4 5 |  5.0
Summonings     | 1 2 3 4 5 |  5.0
Necromancy     | 1 2 3 4 5 |  5.0
Transmutations | 1 2 3 4 5 |  5.0
Fire Magic     | 1 2 3 4 5 |  5.0
Ice Magic      | 1 2 3 4 5 |  5.0
Air Magic      | 1 2 3 4 5 |  5.0
Earth Magic    | 1 2 3 4 5 |  5.0
Poison Magic   | 1 2 3 4 5 |  5.0
Throwing       | 3 4 6 |  6.7
Armour         | 3 4 6 |  6.7
Fighting       | 5 6 7 |  7.7
Long Blades    | 5 6 7 |  7.7
Dodging        | 5 6 7 |  7.7
Translocations | 6 7 |  7.5

Action                   |  1- 3 |  4- 6 |  7- 9 | 10-12 || total
-------------------------+-------+-------+-------+-------++-------
Melee: Falchion          |    44 |       |       |       ||    44
       Bite              |     9 |    13 |    37 |    13 ||    72
       Short sword       |    23 |    57 |       |       ||    80
       Quarterstaff      |       |    89 |   121 |       ||   210
       Trident           |       |       |   172 |   122 ||   294
       Punch             |       |       |     2 |     5 ||     7
 Fire: Hunting sling     |       |       |       |   109 ||   109
 Cast: Shroud of Golubri |       |     2 |     9 |     4 ||    15
       Blink             |       |       |     3 |       ||     3
  Use: Scroll            |       |     7 |     4 |       ||    11
       Potion            |       |       |     4 |     6 ||    10
 Stab: Sleeping          |     1 |     2 |    10 |     3 ||    16
       Paralysed         |       |     1 |       |       ||     1
       Petrifying        |       |       |     2 |       ||     2
       Petrified         |       |       |     2 |       ||     2
       Distracted        |       |       |     1 |       ||     1
  Eat: Chunk             |       |     2 |     7 |     1 ||    10
       Ration            |       |     1 |     2 |     1 ||     4
Armor: Leather armour    |    18 |     9 |    86 |    49 ||   162
       Chain mail        |       |    71 |    18 |       ||    89
Dodge: Dodged            |    64 |   104 |   296 |   200 ||   664
       Rpst.: Falchion   |    15 |       |       |       ||    15
